AoeStats
← bzrcaa

Arabia

506142120Analyzed
2v2 RM · 20d ago on Sep 12, 2026· 32m 28s· 4 players
Game mode
Random Map
Map size
Medium (4 player)
Population
200
Speed
Normal
Resources
Standard
Victory
Conquest
Starting age
Dark Age
Ending age
Imperial Age
RankedLock teamsTeams togetherTeam positionsShared explorationLock speedFull tech treeHidden civsTurbo modeCheats
Victory
Defeat
🇪🇸 Mongols · Spain
1216
+17
🇪🇸 Romans · Spain
1159
+21
🇪🇸 Teutons · Spain
1245
-19
🇪🇸 Spanish · Spain
1244
-19
mpichelm
7:14 Loom
11:44 Feudal Age
14:58 Fletching
20:05 Gold Mining
25:51 Castle Age
24:44 Double-Bit Axe
25:27 Bloodlines
26:50 Bow Saw
27:45 Bodkin Arrow
27:59 Scale Barding Armor
27:17 Crossbowman
28:56 Wheelbarrow
28:49 Forging
bzrcaa
8:25 Loom
10:54 Feudal Age
11:28 Double-Bit Axe
16:50 Forging
19:03 Bloodlines
19:22 Stone Mining
23:49 Castle Age
22:05 Gold Mining
29:55 Bow Saw
Faraday
6:36 Loom
8:36 Feudal Age
9:54 Double-Bit Axe
13:26 Wheelbarrow
20:02 Castle Age
18:39 Bloodlines
18:47 Horse Collar
18:59 Gold Mining
19:02 Stone Mining
19:43 Fletching
19:54 Padded Archer Armor
20:48 Husbandry
22:32 Bodkin Arrow
22:53 Leather Archer Armor
23:05 Bow Saw
27:54 Hand Cart
30:01 Town Watch
AntholeilasAOE
7:01 Loom
9:42 Feudal Age
9:51 Man-at-Arms
13:35 Scale Mail Armor
15:42 Fletching
24:06 Castle Age
24:12 Pikeman
24:44 Double-Bit Axe
25:39 Chain Mail Armor
25:31 Horse Collar
26:19 Squires
26:59 Long Swordsman
Connection lost

Rejoining the realm…

Still unreachable

The connection could not be restored.

Session expired

The server has moved on; the page needs a fresh start.